3AA
BILLINGS POLAR BEARS @ SQUIRREL HILL PIEROGIS
07/27/2042
 
TOP OF THE 1ST
Billings Polar Bears batting - Pitching for Squirrel Hill Pierogis : RHP Todd Hunter
Pitching: RHP Todd Hunter
Batting: RHB Edward Johnson 0-0: Ball
1-0: Ball
2-0: Ball
3-0: Base on Balls
Batting: RHB Shalom Gestel 0-0: Called Strike
0-1: Ball
1-1: Ball
2-1: Ball
3-1: SINGLE (Line Drive, 6D, EV 98.1 MPH)
Edward Johnson to second
Batting: RHB Gary Panniers 0-0: Ball
1-0: Ball
2-0: Called Strike
2-1: SINGLE (Groundball, 6MD, EV 101.2 MPH)
Edward Johnson to third
Shalom Gestel to second
Runner from 3rd tries for Home, throw by CF and OUT! 8-2
Batting: RHB Rupert Bethune 0-0: Called Strike
0-1: Ball
1-1: Ball
2-1: Ball
3-1: Called Strike
3-2: Foul Ball, location: 2F
3-2: Reached on error, E5 (Groundball, 5S, EV 83.1 MPH)
Shalom Gestel to third
Gary Panniers to second
Batting: RHB Jose Reginalde 0-0: Called Strike
0-1: Foul Ball, location: 2F
0-2: Ball
1-2: Ball
2-2: Strikes out swinging
Batting: LHB Stanley Bell 0-0: Ball
1-0: Fielders Choice at 2nd, 6-4 (Groundball, 6, EV 91.9 MPH)
Top of the 1st over - 0 runs, 2 hits, 1 error, 3 left on base; Billings 0 - Squirrel Hill 0
BOTTOM OF THE 1ST
Squirrel Hill Pierogis batting - Pitching for Billings Polar Bears : LHP Arturo Cuellar
Pitching: LHP Arturo Cuellar
Batting: RHB Ryan McCarty 0-0: Called Strike
0-1: Called Strike
0-2: Ball
1-2: Ground out 5-3 (Groundball, 56S, EV 73.1 MPH)
Batting: SHB Aubrey Magee 0-0: SINGLE (Groundball, 34D, EV 95.6 MPH)
Batting: RHB Franck Morel 0-0: Ball
1-0: Swinging Strike
1-1: Grounds into double play, 5-4-3 (Groundball, 56, EV 105.6 MPH)
Bottom of the 1st over - 0 runs, 1 hit, 0 errors, 0 left on base; Billings 0 - Squirrel Hill 0
TOP OF THE 2ND
Billings Polar Bears batting - Pitching for Squirrel Hill Pierogis : RHP Todd Hunter
Batting: RHB Pleun Vleugel 0-0: Ground out 5-3 (Groundball, 5, EV 77.5 MPH)
Batting: SHB Roy Maynard 0-0: Ball
1-0: Foul Ball, location: 2F
1-1: Reached on error, E6 (Groundball, 6M, EV 86.2 MPH)
Batting: RHB Kelly Johnson 0-0: Ball
1-0: Ball
2-0: Foul Ball, location: 2F
2-1: Swinging Strike
2-2: Foul Ball, location: 2F
2-2: Ball
3-2: Foul Ball, location: 2F
3-2: Foul Ball, location: 2F
3-2: Foul Ball, location: 2F
3-2: Foul Ball, location: 2F
3-2: Fly out, F8 (Flyball, 8RD, EV 90.6 MPH)
Batting: RHB Edward Johnson 0-0: Ball
1-0: DOUBLE (Line Drive, 89D, EV 106.9 MPH)
Roy Maynard to third
Runner from 3rd tries for Home, SAFE, throw by CF to home
Batting: RHB Shalom Gestel 0-0: Called Strike
0-1: Ball
1-1: Swinging Strike
1-2: Fly out, F8 (Flyball, 8RD, EV 85.6 MPH)
Top of the 2nd over - 1 run, 1 hit, 1 error, 1 left on base; Billings 1 - Squirrel Hill 0
BOTTOM OF THE 2ND
Squirrel Hill Pierogis batting - Pitching for Billings Polar Bears : LHP Arturo Cuellar
Batting: RHB Adam Cunningham 0-0: Swinging Strike
0-1: Swinging Strike
0-2: Strikes out swinging
Batting: SHB Rodrigo Santana 0-0: Foul Ball, location: 2F
0-1: Swinging Strike
0-2: Ball
1-2: Ball
2-2: Foul Ball, location: 2F
2-2: Strikes out swinging
Batting: LHB George Runnalls 0-0: Ball
1-0: SINGLE (Groundball, 34D, EV 108.1 MPH)
Batting: RHB Ed Tinker 0-0: Called Strike
0-1: Fielders Choice at 2nd, 6-4 (Groundball, 6D, EV 102.5 MPH)
Bottom of the 2nd over - 0 runs, 1 hit, 0 errors, 1 left on base; Billings 1 - Squirrel Hill 0
TOP OF THE 3RD
Billings Polar Bears batting - Pitching for Squirrel Hill Pierogis : RHP Todd Hunter
Batting: RHB Gary Panniers 0-0: Foul Ball, location: 2F
0-1: Fly out, F5 (Line Drive, 5, EV 60.6 MPH)
Batting: RHB Rupert Bethune 0-0: Fly out, F4 (Popup, 34, EV 58.8 MPH)
Batting: RHB Jose Reginalde 0-0: Called Strike
0-1: Ball
1-1: Foul Ball, location: 2F
1-2: Ball
2-2: DOUBLE (Groundball, 5L, EV 101.9 MPH)
Batting: LHB Stanley Bell 0-0: Ball
1-0: Swinging Strike
1-1: Ball
2-1: Swinging Strike
2-2: Strikes out looking
Top of the 3rd over - 0 runs, 1 hit, 0 errors, 1 left on base; Billings 1 - Squirrel Hill 0
BOTTOM OF THE 3RD
Squirrel Hill Pierogis batting - Pitching for Billings Polar Bears : LHP Arturo Cuellar
Batting: LHB Luis Escribano 0-0: Ball
1-0: Fly out, F8 (Flyball, 8RM, EV 87.5 MPH)
Pitching: RHP Marty Brooks
Batting: RHB David Ferris 0-0: Ball
1-0: Swinging Strike
1-1: Ball
2-1: Ball
3-1: Base on Balls
Batting: RHB Ryan McCarty 0-0: Called Strike
0-1: Grounds into double play, 6-4-3 (Groundball, 6, EV 87.5 MPH)
Bottom of the 3rd over - 0 runs, 0 hits, 0 errors, 0 left on base; Billings 1 - Squirrel Hill 0
TOP OF THE 4TH
Billings Polar Bears batting - Pitching for Squirrel Hill Pierogis : RHP Todd Hunter
Batting: RHB Pleun Vleugel 0-0: Ball
1-0: Ground out 5-3 (Groundball, 56, EV 86.2 MPH)
Batting: SHB Roy Maynard 0-0: Called Strike
0-1: Ball
1-1: SINGLE (Flyball, 9LS, EV 89.4 MPH)
Batting: RHB Kelly Johnson 0-0: Called Strike
0-1: Ball
1-1: Ball
2-1: Ball
3-1: Base on Balls
Roy Maynard to second
Batting: RHB Edward Johnson 0-0: Foul Ball, location: 2F
0-1: Called Strike
0-2: DOUBLE (Flyball, 89D, EV 89.4 MPH)
Roy Maynard scores
Kelly Johnson to third
Batting: RHB Shalom Gestel 0-0: Called Strike
0-1: Ball
1-1: Ground out 6-3 (Groundball, 56, EV 104.4 MPH)
Kelly Johnson scores
Batting: RHB Gary Panniers 0-0: SINGLE (Groundball, 56D, EV 100.0 MPH)
Edward Johnson to third
Runner from 3rd tries for Home, throw by LF and OUT! 7-2
Top of the 4th over - 2 runs, 3 hits, 0 errors, 1 left on base; Billings 3 - Squirrel Hill 0
BOTTOM OF THE 4TH
Squirrel Hill Pierogis batting - Pitching for Billings Polar Bears : RHP Marty Brooks
Batting: SHB Aubrey Magee 0-0: Ball
1-0: Ball
2-0: Ball
3-0: Base on Balls
Batting: RHB Franck Morel 0-0: Called Strike
0-1: Ball
1-1: DOUBLE (Line Drive, 89D, EV 103.8 MPH)
Aubrey Magee to third
Runner from 3rd tries for Home, SAFE, no throw by RF
Batting: RHB Adam Cunningham 0-0: Called Strike
0-1: Ball
1-1: Ball
2-1: Called Strike
2-2: Strikes out swinging
Batting: SHB Rodrigo Santana 0-0: Ball
1-0: Foul Ball, location: 2F
1-1: Fly out, F7 (Flyball, 78M, EV 97.5 MPH)
Batting: LHB George Runnalls 0-0: Ball
1-0: Ball
2-0: Called Strike
2-1: Ball
3-1: Fly out, F9 (Flyball, 9D, EV 108.8 MPH)
Bottom of the 4th over - 1 run, 1 hit, 0 errors, 1 left on base; Billings 3 - Squirrel Hill 1
TOP OF THE 5TH
Billings Polar Bears batting - Pitching for Squirrel Hill Pierogis : RHP Todd Hunter
Batting: RHB Rupert Bethune 0-0: Ball
1-0: Ball
2-0: Called Strike
2-1: Swinging Strike
2-2: Fly out, F9 (Flyball, 9LS, EV 93.1 MPH)
Batting: RHB Jose Reginalde 0-0: Foul Ball, location: 2F
0-1: Called Strike
0-2: Ball
1-2: Ball
2-2: Ball
3-2: Strikes out swinging
Batting: LHB Stanley Bell 0-0: SINGLE (Flyball, 9S, EV 95.6 MPH)
Batting: RHB Pleun Vleugel 0-0: Called Strike
0-1: Ball
1-1: Fly out, F8 (Flyball, 8LXD, EV 108.8 MPH)
Top of the 5th over - 0 runs, 1 hit, 0 errors, 1 left on base; Billings 3 - Squirrel Hill 1
BOTTOM OF THE 5TH
Squirrel Hill Pierogis batting - Pitching for Billings Polar Bears : RHP Marty Brooks
Batting: RHB Ed Tinker 0-0: Swinging Strike
0-1: Ground out 5-3 (Groundball, 5, EV 106.2 MPH)
Batting: LHB Luis Escribano 0-0: Ball
1-0: Ball
2-0: Fly out, F4 (Popup, 4M, EV 72.5 MPH)
Batting: RHB David Ferris 0-0: Ball
1-0: Fly out, F8 (Flyball, 8RM, EV 89.4 MPH)
Bottom of the 5th over - 0 runs, 0 hits, 0 errors, 0 left on base; Billings 3 - Squirrel Hill 1
TOP OF THE 6TH
Billings Polar Bears batting - Pitching for Squirrel Hill Pierogis : RHP Todd Hunter
Pitching: LHP Fernando Alou
Batting: SHB Roy Maynard 0-0: Ground out 1-3 (Groundball, 23, EV 65.0 MPH)
Batting: RHB Kelly Johnson 0-0: Ball
1-0: Foul Ball, location: 2F
1-1: Ball
2-1: Foul Ball, location: 2F
2-2: Strikes out looking
Batting: RHB Edward Johnson 0-0: Ball
1-0: Called Strike
1-1: Ball
2-1: Foul Ball, location: 2F
2-2: Ball
3-2: DOUBLE (Line Drive, 7LS, EV 106.9 MPH)
Batting: RHB Shalom Gestel 0-0: Ball
1-0: Foul Ball, location: 2F
1-1: Called Strike
1-2: Fly out, F3 (Line Drive, 3, EV 62.5 MPH)
Top of the 6th over - 0 runs, 1 hit, 0 errors, 1 left on base; Billings 3 - Squirrel Hill 1
BOTTOM OF THE 6TH
Squirrel Hill Pierogis batting - Pitching for Billings Polar Bears : RHP Marty Brooks
Batting: RHB Ryan McCarty 0-0: Foul Ball, location: 2F
0-1: Ground out 5-3 (Groundball, 56, EV 106.2 MPH)
Batting: SHB Aubrey Magee 0-0: Foul Ball, location: 2F
0-1: Ball
1-1: Ball
2-1: Foul Ball, location: 2F
2-2: Ball
3-2: Foul Ball, location: 2F
3-2: SINGLE (Line Drive, 34D, EV 102.5 MPH)
Batting: RHB Franck Morel 0-0: Ball
1-0: Foul Ball, location: 2F
1-1: Ball
2-1: Foul Ball, location: 2F
2-2: Ball
3-2: Foul Ball, location: 2F
3-2: Ground out 5-3 (Groundball, 5L, EV 88.1 MPH)
Aubrey Magee to second
Batting: RHB Adam Cunningham 0-0: Called Strike
0-1: Foul Ball, location: 2F
0-2: Fly out, F7 (Flyball, 78M, EV 80.0 MPH)
Bottom of the 6th over - 0 runs, 1 hit, 0 errors, 1 left on base; Billings 3 - Squirrel Hill 1
TOP OF THE 7TH
Billings Polar Bears batting - Pitching for Squirrel Hill Pierogis : LHP Fernando Alou
Batting: RHB Gary Panniers 0-0: Ball
1-0: Swinging Strike
1-1: Ball
2-1: Called Strike
2-2: Ball
3-2: Ground out 4-3 (Groundball, 4, EV 89.4 MPH)
Batting: RHB Rupert Bethune 0-0: Foul Ball, location: 2F
0-1: Called Strike
0-2: Ball
1-2: Foul Ball, location: 2F
1-2: Ball
2-2: Ball
3-2: Ground out 3-1 (Groundball, 34S, EV 71.2 MPH)
Pitching: RHP Paul Love
Batting: RHB Jose Reginalde 0-0: Ball
1-0: Swinging Strike
1-1: DOUBLE (Flyball, 8LXD, EV 107.5 MPH)
Batting: LHB Stanley Bell 0-0: Ball
1-0: Ball
2-0: Called Strike
2-1: Called Strike
2-2: Foul Ball, location: 2F
2-2: Fly out, F7 (Flyball, 7S, EV 81.2 MPH)
Top of the 7th over - 0 runs, 1 hit, 0 errors, 1 left on base; Billings 3 - Squirrel Hill 1
BOTTOM OF THE 7TH
Squirrel Hill Pierogis batting - Pitching for Billings Polar Bears : RHP Marty Brooks
Batting: SHB Rodrigo Santana 0-0: SINGLE (Groundball, 4MD, EV 103.8 MPH)
Pitching: RHP Michael Rice
Batting: LHB George Runnalls 0-0: Ball
1-0: Fly out, F7 (Flyball, 7D, EV 88.8 MPH)
Batting: RHB Ed Tinker 0-0: SINGLE (Flyball, 4D, EV 86.2 MPH)
Rodrigo Santana to second
Pinch Runner at 2nd Cristóbal Arteaga:
Batting: LHB Luis Escribano 0-0: Called Strike
0-1: Ball
1-1: Fielders Choice at 2nd, 6-4 (Groundball, 6S, EV 84.4 MPH)
Cristóbal Arteaga to third
Pinch Hitting: LHB António Muñóz 0-0: Ball
1-0: Fly out, F9 (Line Drive, 9, EV 86.9 MPH)
Bottom of the 7th over - 0 runs, 2 hits, 0 errors, 2 left on base; Billings 3 - Squirrel Hill 1
TOP OF THE 8TH
Billings Polar Bears batting - Pitching for Squirrel Hill Pierogis : RHP Paul Love
Now at SS: Cristóbal Arteaga
Now in RF: António Muñóz
Batting: RHB Pleun Vleugel 0-0: Ball
1-0: Called Strike
1-1: Ball
2-1: Foul Ball, location: 2F
2-2: Ball
3-2: Ground out 4-3 (Groundball, 4, EV 89.4 MPH)
Batting: SHB Roy Maynard 0-0: Foul Ball, location: 2F
0-1: Ball
1-1: Fly out, F4 (Line Drive, 4, EV 67.5 MPH)
Batting: RHB Kelly Johnson 0-0: Ball
1-0: Foul Ball, location: 2F
1-1: Foul Ball, location: 2F
1-2: Foul Ball, location: 2F
1-2: Ball
2-2: Ball
3-2: Fly out, F4 (Popup, 4, EV 81.9 MPH)
Top of the 8th over - 0 runs, 0 hits, 0 errors, 0 left on base; Billings 3 - Squirrel Hill 1
BOTTOM OF THE 8TH
Squirrel Hill Pierogis batting - Pitching for Billings Polar Bears : RHP Michael Rice
Now at SS: Danny Hensley
Batting: RHB Ryan McCarty 0-0: Ball
1-0: Ball
2-0: Ball
3-0: Foul Ball, location: 2F
3-1: DOUBLE (Line Drive, 7LS, EV 106.9 MPH)
Batting: SHB Aubrey Magee 0-0: Swinging Strike
0-1: Foul Ball, location: 2F
0-2: Foul Ball, location: 2F
0-2: Foul Ball, location: 2F
0-2: Strikes out swinging
Batting: RHB Franck Morel 0-0: Ball
1-0: Foul Ball, location: 2F
1-1: Called Strike
1-2: Foul Ball, location: 2F
1-2: Ground out 3-1 (Groundball, 3S, EV 81.9 MPH)
Ryan McCarty to third
Batting: RHB Adam Cunningham 0-0: Called Strike
0-1: Ball
1-1: Swinging Strike
1-2: Strikes out swinging
Bottom of the 8th over - 0 runs, 1 hit, 0 errors, 1 left on base; Billings 3 - Squirrel Hill 1
TOP OF THE 9TH
Billings Polar Bears batting - Pitching for Squirrel Hill Pierogis : RHP Paul Love
Batting: RHB Edward Johnson 0-0: Swinging Strike
0-1: Fly out, F7 (Flyball, 7D, EV 88.1 MPH)
Pitching: RHP Freddy León
Batting: RHB Shalom Gestel 0-0: Ball
1-0: Ball
2-0: Ball
3-0: Base on Balls
Batting: RHB Gary Panniers 0-0: Called Strike
0-1: Fly out, F9 (Flyball, 9LS, EV 88.8 MPH)
Batting: RHB Danny Hensley 0-0: Ball
Shalom Gestel steals 2nd base
1-0: Ball
2-0: Ball
3-0: Called Strike
3-1: Called Strike
3-2: Ground out 5-3 (Groundball, 56, EV 106.9 MPH)
Top of the 9th over - 0 runs, 0 hits, 0 errors, 1 left on base; Billings 3 - Squirrel Hill 1
BOTTOM OF THE 9TH
Squirrel Hill Pierogis batting - Pitching for Billings Polar Bears : RHP Michael Rice
Pitching: RHP António Gallegos
Batting: RHB Cristóbal Arteaga 0-0: Ball
1-0: Ball
2-0: Called Strike
2-1: Fly out, F6 (Popup, 6MD, EV 68.1 MPH)
Batting: LHB George Runnalls 0-0: Ground out 6-3 (Groundball, 6, EV 89.4 MPH)
Batting: RHB Ed Tinker 0-0: Ball
1-0: Ball
2-0: Foul Ball, location: 2F
2-1: Ball
3-1: Called Strike
3-2: Strikes out swinging
Bottom of the 9th over - 0 runs, 0 hits, 0 errors, 0 left on base; Billings 3 - Squirrel Hill 1
Friday, March 26th, 2021 - OOTP Baseball 20.8 Build 74